 Dungeon Crawl Stone Soup version 0.31.0-12-g77e489cdc1 (webtiles) character file.

Game seed: 4798557743139922237

94 Doomgape the Trooper (level 4, 0/29 HPs)
             Began as a Gargoyle Fighter on Feb 21, 2024.
             Slain by a kobold
             ... wielding a +2 short sword of venom
              (6 damage)
             ... on level 4 of the Dungeon.
             The game lasted 00:03:02 (2143 turns).

Doomgape the Trooper (Gargoyle Fighter)             Turns: 2143, Time: 00:03:03

Health: 0/29       AC: 13    Str: 22    XL:     4   Next: 63%
Magic:  4/4        EV:  5    Int:  8    God:
Gold:   41         SH:  4    Dex:  9    Spells: 3/3 levels left

rFire   . . .        a - +0 flail
rCold   . . .        c - +0 buckler
rNeg    + . .        f - +0 chain mail
rPois   ∞            (no helmet)
rElec   +            (no cloak)
rCorr   .            (no gloves)
SInv    .            (no boots)
Will    .....        (no amulet) Stlth
                     (no ring)
HPRegen 0.24/turn    (no ring)
MPRegen 0.09/turn

%: no passive effects
@: on fire, glowing, constricted
A: sickness immunity, AC +3, negative energy resistance 1, electricity
resistance, torment resistance 1, petrification resistance
a: no special abilities


You were on level 4 of the Dungeon.
You visited 1 branch of the dungeon, and saw 4 of its levels.

You collected 69 gold pieces.
You spent 28 gold pieces at shops.

Inventory:

Hand Weapons
 a - a +0 flail (weapon)
Armour
 c - a +0 buckler (worn)
 f - a +0 chain mail (worn)
Jewellery
 g - a ring of fire
Scrolls
 b - 4 scrolls of teleportation
 e - 2 scrolls of identify
Potions
 d - a potion of might
 h - a potion of haste {unknown}
 i - a potion of brilliance {unknown}
 j - 2 potions of invisibility {unknown}
 k - a potion of mutation {unknown}


   Skills:
 + Level 4.3 Fighting
 + Level 3.1 Maces & Flails
 + Level 4.2 Armour
 - Level 3.2 Shields


You had 3 spell levels left.
You didn't know any spells.
Your spell library was empty.

Dungeon Overview and Level Annotations

Branches:
Dungeon (4/15)
 Temple: D:4-7

Altars:
Hepliaklqana
Qazlal

Shops:
D:2 ?


Innate Abilities, Weirdness & Mutations

You are immune to sickness and miasma.
Your stone body is resilient. (AC +3)
You are immune to poison.
You resist negative energy. (rN+)
You are resistant to electric shocks. (rElec)
You are resistant to unholy torment.
You are immune to petrification.


Message History

The hound bites you but does no damage.
You hit the bombardier beetle.
The bombardier beetle is almost dead.
You block the hound's attack.
The bombardier beetle barely misses you.
The kobold hits you but does no damage.
Unknown command.
You barely miss the bombardier beetle.
The bombardier beetle is almost dead.
You block the hound's attack. The hound bites you but does no damage.
The kobold barely misses you.
The bombardier beetle sprays incendiary fluid at you.
The burning spray hits you.
You are covered in liquid fire!
You sock the bombardier beetle!
You kill the bombardier beetle!
The liquid fire burns you! The hound completely misses you.
The kobold hits you but does no damage. You block the hound's attack.
Your Maces & Flails skill increases to level 3!
Unknown command.
You closely miss the ball python. The liquid fire burns you!
The hound bites you but does no damage. The kobold hits you but does no damage.
The ball python barely misses you. x2; The hound bites you.
You block the kobold's attack. The ball python closely misses you.
The ball python grabs you. The ball python constricts you.
Unknown command.
You hit the ball python.
The ball python is heavily wounded.
The liquid fire burns you!
* * * LOW HITPOINT WARNING * * *
The hound stops to sniff the ground.
The hound bites you.
* * * LOW HITPOINT WARNING * * *
The ball python bites you but does no damage.
The ball python constricts you.
* * * LOW HITPOINT WARNING * * *
The kobold hits you with a +2 short sword of venom.
You die...

# #.####
......####
#........#
#.....†@.#
#.....SKh#
.........#
#.........
#..........
#..>........
#.####.....##
#. ##...##


You could see a hound, a ball python and a kobold.

Vanquished Creatures
  A bombardier beetle (D:4)
  2 adders (D:2)
  3 dart slugs
  An orc (D:3)
  5 ball pythons
  6 bats
  3 endoplasms
  3 goblins
  4 quokkas
  5 frilled lizards
  5 kobolds
  2 rats
40 creatures vanquished.

Notes
Turn   | Place    | Note
-------+----------+-------------------------------------------
     0 | D:1      | Doomgape the Gargoyle Fighter began the quest for the Orb.
     0 | D:1      | Reached XP level 1. HP: 14/14 MP: 1/1
   130 | D:1      | Reached XP level 2. HP: 19/19 MP: 2/2
   585 | D:2      | Reached XP level 3. HP: 24/24 MP: 3/3
   784 | D:2      | Found Uvvut's Magic Scroll Shoppe.
   792 | D:2      | Bought a scroll of identify for 28 gold pieces
  1317 | D:3      | Found a stormy altar of Qazlal.
  1442 | D:3      | Found a hazy altar of Hepliaklqana.
  1518 | D:3      | Found a faded altar of an unknown god.
  1534 | D:3      | Reached XP level 4. HP: 24/29 MP: 4/4
  2143 | D:4      | Slain by a kobold

Illustrated notes

Levels and vault maps discovered:
D:1:      lightli_arrival_noodles, layout_basic
D:2:      layout_loops_corners, serial_shops, shop
D:3:      layout_basic, nicolae_qazlal_general_emergency,
          mainiacjoe_overflow_paths, ebering_ecumenical_altar_mist, minivault_14
D:4:      layout_loops_ring, nicolae_elyvilon_peaceful_grove,
          old_standard_altar, hangedman_decor_points, st_stairs_6, uniq_grinder

Skill      XL: |  1  2  3  4 |
---------------+-------------+-----
Fighting       | 4 |  4.3
Armour         | 4 |  4.2
Maces & Flails | 3 |  3.1
Shields        | |  3.2

Action                     |  1- 3 |  4- 6 || total
---------------------------+-------+-------++-------
  Melee: Flail             |    94 |    24 ||   118
    Use: Scroll            |       |     4 ||     4
 Armour: Chain mail        |    74 |    24 ||    98
         Scale mail        |     1 |       ||     1
  Dodge: Dodged            |    32 |    20 ||    52
  Block: Buckler           |    13 |     9 ||    22
